 Dungeon Crawl Stone Soup version 0.23.0 (webtiles) character file.

Game seed: 13651228022686125634

65 vishdafish the Cudgeler (level 3, 0/35 HPs)
             Began as a Troll Skald on Feb 15, 2019.
             Succumbed to an adder's poison
             ... on level 2 of the Dungeon.
             The game lasted 00:01:26 (988 turns).

vishdafish the Cudgeler (Troll Skald)                Turns: 988, Time: 00:01:27

Health: 0/35       AC:  6    Str: 19    XL:     3   Next: 94%
Magic:  1/4        EV: 10    Int: 10    God:
Gold:   75         SH:  0    Dex:  9    Spells: 4/5 levels left

rFire    . . .     SeeInvis .   a - +0 mace
rCold    . . .     Gourm    +   (no shield)
rNeg     . . .     Faith    .   b - +0 robe
rPois    +         Spirit   .   (helmet restricted)
rElec    .         Reflect  .   (no cloak)
rCorr    .         Harm     .   (gloves unavailable)
MR       .....     Rnd*Rage +   (boots unavailable)
Stlth    +.........             (no amulet)
HPRegen  0.51/turn              (no ring)
MPRegen  0.09/turn              (no ring)

@: lethally poisoned (0 -> 0)
A: large, unfitting armour, claws 3, talons 1, berserk 1, fast metabolism 3,
gourmand, poison resistance, regeneration 1, shaggy fur 1, tough skin 3
a: no special abilities


You were on level 2 of the Dungeon.
You were hungry.

You visited 1 branch of the dungeon, and saw 2 of its levels.

You collected 75 gold pieces.

Inventory:

Hand Weapons
 a - a +0 mace (weapon)
Armour
 b - a +0 robe (worn)
Scrolls
 c - a scroll of magic mapping {unknown}
 e - a scroll of blinking {unknown}
 f - 2 scrolls of identify {unknown}
 g - a scroll of teleportation {unknown}
 j - a scroll of remove curse {unknown}
 k - a scroll of fear {unknown}
Potions
 i - a potion of cancellation {unknown}
 l - a potion of magic {unknown}
Comestibles
 d - 2 rations


   Skills:
 + Level 2.1 Fighting
 * Level 2.8 Maces & Flails
 + Level 2.3 Dodging
 + Level 1.5 Spellcasting
 - Level 2.0 Charms


You had 4 spell levels left.
You knew the following spells:

 Your Spells              Type           Power        Failure   Level  Hunger
a - Infusion              Chrm           #...         14%         1    ##.....

Your spell library contained the following spells:

 Spells                   Type           Power        Failure   Level  Hunger
 Song of Slaying          Chrm           #.......     22%         2    ###....
 Shroud of Golubria       Chrm/Tloc      #.........   32%         2    ###....
 Regeneration             Chrm/Necr      #.........   54%         3    ####...
 Spectral Weapon          Hex/Chrm       #.......     54%         3    ####...


Dungeon Overview and Level Annotations

Branches:
Dungeon (2/15)

Altars:


Innate Abilities, Weirdness & Mutations

You are too large for most types of armour.
You have claws for hands.
Your metabolism is lightning-fast.
You like to eat raw meat.
Your natural rate of healing is unusually fast.
You are covered in fur. (AC +1)
You have extremely tough skin. (AC +3)
You have sharp toenails.
You tend to lose your temper in combat.
Your system is resistant to poisons. (rPois)


Message History

You kill the kobold!
You feel sick. The kobold hits you with a +0 whip.
* * * LOW HITPOINT WARNING * * *
You hit the rat.
The rat is heavily wounded.
The rat bites you.
* * * LOW HITPOINT WARNING * * *
The kobold closely misses you.
You closely miss the rat.
The rat is heavily wounded.
You feel sick. The rat bites you but does no damage.
The kobold hits you but does no damage. The rat bites you but does no damage.
You closely miss the kobold.
You are no longer magically infusing your attacks.
The kobold hits you but does no damage. The rat bites you.
* * * LOW HITPOINT WARNING * * *
It was a potion of mutation.
You feel extremely strange.
You feel a little pissed off.
You feel resistant to poisons.
Your toenails lengthen and sharpen.
You die...

###................#.# ###
...........########.# #..
.####...........######.###..
...........................[
#...........###......###..
.#.........#######..##...
#.†..................... #.
#####.####....<..#..#...
##...###†(.K@r........#...)..
#.....†...###..............((
....#.........#..............
......########..........##...
...#.. .. ......# #... .....
#.. ..... ..... ##... .#. .
..#... ..%. ##.. ...#... ....
.# ####


You could see a kobold and a rat.

Vanquished Creatures
  2 adders (D:2)
  An ooze (D:1)
  2 worms (D:2)
  2 dart slugs (D:2)
  A leopard gecko (D:1)
  4 giant cockroaches
  4 goblins (D:1)
  2 hobgoblins (D:1)
  4 bats (D:1)
  2 frilled lizards
  7 kobolds
  3 rats
34 creatures vanquished.

Notes
Turn   | Place    | Note
-------+----------+-------------------------------------------
     0 | D:1      | vishdafish the Troll Skald began the quest for the Orb.
     0 | D:1      | Reached XP level 1. HP: 19/19 MP: 1/1
   130 | D:1      | Reached XP level 2. HP: 27/28 MP: 3/3
   870 | D:2      | Reached XP level 3. HP: 32/35 MP: 4/4
   987 | D:2      | HP: 1/35 [rat (2)]
   988 | D:2      | Gained mutation: You tend to lose your temper in combat.
                  | [potion of mutation]
   988 | D:2      | Gained mutation: Your system is resistant to poisons.
                  | (rPois) [potion of mutation]
   988 | D:2      | Gained mutation: You have sharp toenails. [potion of
                  | mutation]
   988 | D:2      | Succumbed to an adder's poison

Skill      XL: |  1  2  3 |
---------------+----------+-----
Maces & Flails | 2 |  2.8
Dodging        | 2 |  2.3
Fighting       | 2 |  2.1
Spellcasting   | |  1.5
Charms         | |  2.0

Action                   || total
-------------------------++-------
Melee: Mace              ||   136
 Cast: Infusion          ||     1
  Use: Potion            ||     1
  Eat: Chunk             ||     6
Armor: Robe              ||    82
Dodge: Dodged            ||   114
